AoeStats
← miguelbarrero7

MegaRandom

508070125Analyzed
3v3 RM · 13d ago on Sep 20, 2026· 31m 6s· 6 players
Game mode
Random Map
Map size
Normal (6 player)
Population
200
Speed
Normal
Resources
Standard
Victory
Conquest
Starting age
Dark Age
Ending age
Imperial Age
RankedLock teamsTeams togetherTeam positionsShared explorationLock speedFull tech treeHidden civsTurbo modeCheats
Victory
Defeat
🇪🇸 Portuguese · Spain
1007
+8
🇪🇸 Britons · Spain
973
+10
🇪🇸 Bohemians · Spain
938
+11
🇬🇧 Byzantines · United Kingdom
858
-11
🇨🇴 Britons · Colombia
844
-10
🇫🇷 Teutons · France
776
-8
Budhampton
0:34 Loom
12:24 Feudal Age
13:18 Double-Bit Axe
14:50 Wheelbarrow
20:03 Castle Age
18:25 Stone Mining
21:09 Hand Cart
21:57 Fletching
24:00 Bow Saw
23:40 Horse Collar
24:33 Husbandry
26:03 Elite Skirmisher
30:27 Ballistics
simon.chauvet8
14:44 Feudal Age
15:11 Double-Bit Axe
15:20 Gold Mining
19:14 Castle Age
17:43 Stone Mining
19:06 Horse Collar
22:49 Stone Shaft Mining
29:31 Wheelbarrow
29:16 Heavy Plow
30:19 Caravan
31:36 Hand Cart
31:07 Town Watch
JUGGERNAUT |
0:46 Loom
15:09 Feudal Age
16:25 Wheelbarrow
15:36 Town Watch
15:39 Double-Bit Axe
Raguloso
7:06 Loom
9:25 Feudal Age
11:54 Double-Bit Axe
14:52 Fletching
17:42 Wheelbarrow
19:02 Padded Archer Armor
21:02 Town Watch
23:53 Castle Age
24:11 Town Watch
24:09 Crossbowman
24:48 Bodkin Arrow
25:11 Leather Archer Armor
26:24 Ballistics
miguelbarrero7
11:36 Feudal Age
15:15 Castle Age
13:28 Double-Bit Axe
13:25 Horse Collar
16:19 Loom
17:13 Bow Saw
17:08 Heavy Plow
25:37 Wheelbarrow
24:52 Town Watch
25:22 Padded Archer Armor
25:15 Fletching
27:15 Hand Cart
28:03 Scale Mail Armor
28:14 Forging
28:28 Ballistics
29:09 Chemistry
31:50 Imperial Age
30:08 Coinage
29:55 Squires
29:52 Pikeman
30:52 Chain Mail Armor
31:13 Iron Casting
Mito
4:44 Loom
10:04 Feudal Age
12:02 Loom
18:36 Castle Age
17:44 Gold Mining
19:06 Horse Collar
22:48 Wheelbarrow
27:47 Imperial Age
25:19 Town Watch
25:25 Double-Bit Axe
26:49 Hand Cart
26:20 Treadmill Crane
30:04 Block Printing
30:10 Sanctity
30:25 Theocracy
30:54 Chemistry
30:00 Siege Engineers
30:50 Horse Collar
31:25 Bow Saw
Connection lost

Rejoining the realm…

Still unreachable

The connection could not be restored.

Session expired

The server has moved on; the page needs a fresh start.